 Dungeon Crawl Stone Soup version 0.31-a0-214-gb37851dbb3 (webtiles) character file.

Game seed: 8586023569010873622

42 innerfire43 the Trooper (level 3, -1/29 HPs)
             Began as a Demonspawn Monk on July 1, 2023.
             Slain by an adder (2 damage)
             ... on level 2 of the Dungeon.
             The game lasted 00:01:35 (1124 turns).

innerfire43 the Trooper (Demonspawn Monk)           Turns: 1124, Time: 00:01:36

Health: -1/29      AC:  2    Str: 11 (13) XL:     3   Next: 35%
Magic:  3/3        EV: 13    Int: 16 (19) God:
Gold:   53         SH:  0    Dex: 13 (15) Spells: 2/2 levels left

rFire   + + .        h - +2 dagger (pain)
rCold   + . .        d - orb {light}
rNeg    . . .        i - +0 robe "Gotesic" {rF+ Int+8}
rPois   +            (helmet restricted)
rElec   +            (no cloak)
rCorr   +            (no gloves)
SInv    .            (no boots)
Will    .....        (no amulet)
Stlth   +            (no ring)
HPRegen 0.24/turn    (no ring)
MPRegen 0.08/turn

%: no passive effects
@: resistant, glowing
A: horns 1
a: no special abilities


You were on level 2 of the Dungeon.
You visited 1 branch of the dungeon, and saw 2 of its levels.

You collected 53 gold pieces.

Inventory:

Hand Weapons
 a - a +0 hand axe
 h - a +2 dagger of pain (weapon)
Armour
 b - a +0 robe
 d - an orb of light (worn)
 g - an orb of guile
 i - the +0 robe "Gotesic" (worn) {rF+ Int+8}
   (You took it off a kobold on level 2 of the Dungeon)

   Int:       It affects your intelligence (+8).
   rF:        It protects you from fire.
Scrolls
 k - a scroll of identify
 l - a scroll of blinking {unknown}
 m - a scroll of immolation {unknown}
Potions
 e - a potion of lignification
 f - a potion of resistance


   Skills:
 - Level 3.5 Fighting
 + Level 0.2 Short Blades
 - Level 3.1 Axes
 - Level 3.1 Dodging
 * Level 0.3 Necromancy


You had 2 spell levels left.
You didn't know any spells.
Your spell library contained the following spells:

 Spells                   Type           Power      Damage    Failure   Level
 Foxfire                  Conj/Fire      0%         2x1d4     26%         1
 Fireball                 Conj/Fire      0%         3d3       100%        5
 Plasma Beam              Fire/Air       0%         2x1d10    100%        6
 Starburst                Conj/Fire      0%         6d3       100%        6


Dungeon Overview and Level Annotations

Branches:
Dungeon (2/15)

Altars:


Innate Abilities, Weirdness & Mutations

You have a pair of small horns on your head.


Message History

You feel invigorated.
You feel sick. The adder closely misses you. x2
The endoplasm hits you but does no damage.
The adder barely misses you.
It was a potion of resistance.
You feel protected.
You feel sick. The adder closely misses you. The endoplasm closely misses you.
The adder closely misses you.
It was a potion of degeneration.
There was something very wrong with that liquid.
You feel weakened.
You feel dopey.
You feel clumsy.
You feel sick. The adder barely misses you. x2
The endoplasm barely misses you. The adder barely misses you.
You feel sick.
You are no longer poisoned.
The adder bites you. The endoplasm barely misses you. The adder bites you.
* * * LOW HITPOINT WARNING * * *
You bump into the rock wall.
You feel less invigorated.
You feel less confused. The adder bites you. The endoplasm freezes you.
You are frozen.
You resist.
* * * LOW HITPOINT WARNING * * *
The adder bites you.
* * * LOW HITPOINT WARNING * * *
You hit the endoplasm.
The endoplasm is heavily wounded.
The adder barely misses you. The adder bites you but does no damage.
The endoplasm closely misses you. The adder closely misses you.
Unknown command.
You hit the endoplasm.
You kill the endoplasm!
The adder closely misses you. The adder bites you.
* * * LOW HITPOINT WARNING * * *
The adder bites you.
* * * LOW HITPOINT WARNING * * *
Unknown command.
You hit the worm. You headbutt the worm.
The worm is moderately wounded.
The adder bites you.
You die...

.........#.......#
#.#######.#..#
............### #
#.##.# )........##..#
#..#.#
.........###...#
##.... ..........#
##...# ###..
#########.######...
##. #.......# ## . #.
#.......######## ...
#.
#.......##.@w..#.....
##
#>......#..SS........
#
#....................
#
#...........<........
#
#....................
#
#....................
#
#....................
#########............
##.....#.....


You could see a worm and 2 adders.

Vanquished Creatures
  An adder (D:2)
  A dart slug (D:1)
  5 endoplasms
  2 giant cockroaches (D:1)
  2 hobgoblins (D:1)
  2 kobolds
  2 quokkas
  4 ball pythons
  4 bats
  3 frilled lizards
  4 rats (D:2)
30 creatures vanquished.

Notes
Turn   | Place    | Note
-------+----------+-------------------------------------------
     0 | D:1      | innerfire43 the Demonspawn Monk began the quest for the
                  | Orb.
     0 | D:1      | Reached XP level 1. HP: 18/18 MP: 1/1
   204 | D:1      | Gained mutation: You have a pair of small horns on your
                  | head. [demonic ancestry]
   204 | D:1      | Reached XP level 2. HP: 17/24 MP: 2/2
   672 | D:2      | Reached XP level 3. HP: 7/29 MP: 3/3
   741 | D:2      | Identified the +0 robe "Gotesic" {rF+ Int+8}
  1116 | D:2      | HP: 1/29 [poisoned by an adder]
  1123 | D:2      | HP: 1/29 [adder (3)]
  1124 | D:2      | Slain by an adder

Illustrated notes

Levels and vault maps discovered:
D:1:      minmay_arrival_cross, layout_basic
D:2:      layout_rooms

Skill      XL: |  1  2 |
---------------+-------+-----
Axes           | 3 |  3.1
Dodging        | 3 |  3.1
Fighting       | |  3.5
Short Blades   | |  0.2
Necromancy     | |  0.3

Action                     || total
---------------------------++-------
  Melee: Hand axe          ||    59
         Headbutt          ||     8
         Dagger            ||    19
    Use: Scroll            ||     3
         Potion            ||     3
 Armour: Robe              ||    28
  Dodge: Dodged            ||    69

Table legend: (Time is in decaauts)
 A = Elapsed time spent in this place.
 B = Non-inter-level travel time spent in this place.
 C = Inter-level travel time spent in this place.
 D = Time resting spent in this place.
 E = Time spent auto-exploring this place.
 F = Levels seen in this place.
 G = Mean time per level.
                   A        B        C        D        E       F      G
               +--------+--------+--------+--------+--------+-----+--------+
         Total |   1132 |   1117 |     15 |      0 |    908 |   2 |  566.0 |
       Dungeon |   1132 |   1117 |     15 |      0 |    908 |   2 |  566.0 |
               +--------+--------+--------+--------+--------+-----+--------+

Top non-repeatable levels by time:
     D:1: 659 daAuts
     D:2: 473 daAuts
